 Dungeon Crawl Stone Soup version 0.15.0-18-g9076a4f (webtiles) character file.

305 Gigax the Insei (level 6, -9/38 HPs)
             Began as an Octopode Transmuter on Sept 7, 2014.
             Was a Believer of Cheibriados.
             Hit by a stone thrown by an orc warrior (18 damage)
             ... on Level 3 of the Dungeon.
             The game lasted 00:15:51 (4255 turns).

Gigax the Insei (Octopode Transmuter)               Turns: 4255, Time: 00:15:51

HP  -9/38        AC  1     Str 14      XL: 6   Next: 39%
MP   3/10        EV 13     Int 19      God: Cheibriados [**....]
Gold 91          SH  0     Dex 18      Spells:  3 memorised,  3 levels left

rFire  . . .     SeeInvis .     a - 22 arrows
rCold  . . .     Clarity  .     (no shield)
rNeg   . . .     rCorr    .     (helmet restricted)
rPois  .         rRot     .     m - amulet of the gourmand
rElec  .         Spirit   .     (no ring)
SustAb .         Warding  .     (no ring)
rMut   .         Stasis   .     (no ring)
Gourm  +                        (no ring)
MR     .....                    (no ring)
                                (no ring)
                                (no ring)
                                (no ring)

@: about to teleport, very slightly contaminated, very slow, not resistant to
hostile enchantments, unstealthy
A: almost no armour, amphibious, 8 rings, constrict 8, camouflage 1, gelatinous
body 1
a: Bend Time, Renounce Religion


You were on level 3 of the Dungeon.
You worshipped Cheibriados.
Cheibriados was pleased with you.
You were very full.

You visited 1 branch of the dungeon, and saw 3 of its levels.

You collected 91 gold pieces.

Inventory:

Missiles
 a - 22 arrows (in tentacle)
 o - 14 stones (quivered)
Magical devices
 k - a wand of fireball (1) {unknown}
Comestibles
 b - 3 bread rations
 f - 2 beef jerkies
 r - a meat ration
Scrolls
 h - a scroll of remove curse
 l - a scroll of amnesia
 p - a scroll of teleportation
Jewellery
 c - an uncursed amulet of warding {unknown}
 m - an amulet of the gourmand (around mantle)
Potions
 e - 3 potions of mutation
 i - a potion of brilliance
 n - a potion of restore abilities
 q - a potion of resistance
Books
 d - a book of Changes

   Spells                             Type                      Level
   *Beastly Appendage                 Transmutation                1
   *Sticks to Snakes                  Transmutation                2
   *Spider Form                       Transmutation/Poison         3
   Ice Form                           Ice/Transmutation            4
   Blade Hands                        Transmutation                5


   Skills:
 - Level 1.0 Fighting
 - Level 2.0 Dodging
 * Level 5.7 Unarmed Combat
 - Level 2.0 Spellcasting
 + Level 3.5 Transmutations
 + Level 2.4 Invocations


You had 3 spell levels left.
You knew the following spells:

 Your Spells              Type           Power        Failure   Level  Hunger
e - Sticks to Snakes      Trmt           ###.......   8%          2    ##.....
r - Spider Form           Trmt/Pois      #.........   28%         3    ####...
w - Beastly Appendage     Trmt           ###...       4%          1    #......


Dungeon Overview and Level Annotations

Branches:
Dungeon (3/15)

Altars:
Cheibriados
Dithmenos

Annotations:
D:2 Sigmund


Innate Abilities, Weirdness & Mutations

You cannot wear most types of armour.
You are amphibious.
You can wear up to eight rings at the same time.
You can use your tentacles to constrict many enemies at once.
Your skin changes colour to match your surroundings (Stealth).
Your rubbery body absorbs attacks (AC +1).


Message History

You create a snake!
The orc warrior throws a stone.
The stone hits your ball python!
Your ball python dies!
The orc warrior throws a stone.
The stone hits your adder!
Your adder dies!
The orc warrior throws a stone.
The stone hits you!
* * * LOW HITPOINT WARNING * * *
You see here a stone.
Huge Dmg: -21%(-8hp) hp: 24%(9hp)
An orc comes into view. It is wielding a mace.
Read which item? (? for menu, Esc to quit)
As you read the scroll of teleportation, it crumbles to dust.
You feel strangely unstable.
The orc warrior throws a stone.
The stone hits you.
* * * LOW HITPOINT WARNING * * *
The orc warrior throws a stone.
The stone barely misses you.
You see here a stone.
Dmg: -3%(-1hp) hp: 24%(9hp)
The orc warrior throws a stone.
The stone hits you!!
You die...

##.....####'#..########### #
##.............##################
.'...............................
##.............##########.####...
.'...........#)# #####'## #...
.#...........#.## #......# #...
.#...........#..# #......# #...
.#...........##.## #......# #...
.#...........##(@# #......# #...
.#.....<.....###(## #......# #...
.#...........# #..# #......# ####
.#...........# ##.###......#
.#.....(.....# #..##......#
.'...........# ##(######'##
##...........# #.(# #.#
............## ###o#####.#
############# #..(...##.#


You could see an orc warrior.

Vanquished Creatures
  2 orc priests (D:3)
  Crazy Yiuf (D:2)
  2 orc wizards (D:3)
  4 gnolls
  3 adders
  A worm (D:3)
  4 giant geckos
  4 orcs (D:3)
  5 bats
  2 giant cockroaches
  9 goblins
  11 hobgoblins
  3 jackals (D:1)
  10 kobolds
  A ball python (D:3)
  A giant gecko skeleton (D:3)
  4 giant newts
  6 rats
73 creatures vanquished.

Vanquished Creatures (collateral kills)
  An orc wizard (D:3)
  A giant newt (D:3)
2 creatures vanquished.

Grand Total: 75 creatures vanquished

Notes
Turn   | Place    | Note
--------------------------------------------------------------
     0 | D:1      | Gigax, the Octopode Transmuter, began the quest for the Orb.
     0 | D:1      | Reached XP level 1. HP: 13/13 MP: 3/3
   374 | D:1      | Reached XP level 2. HP: 15/18 MP: 4/4
  1041 | D:1      | Reached XP level 3. HP: 12/23 MP: 4/6
  1420 | D:1      | Learned a level 2 spell: Sticks to Snakes
  1517 | D:1      | Reached skill level 4 in Unarmed Combat
  1545 | D:2      | Found a snail-covered altar of Cheibriados.
  1552 | D:2      | Became a worshipper of Cheibriados the Contemplative
  1835 | D:2      | Found a shadowy altar of Dithmenos.
  1966 | D:2      | Noticed Sigmund
  2051 | D:2      | Reached skill level 1 in Invocations
  2051 | D:2      | Reached XP level 4. HP: 28/28 MP: 5/7
  2135 | D:2      | Noticed Crazy Yiuf
  2142 | D:2      | Killed Crazy Yiuf
  2415 | D:3      | Noticed an orc warrior
  2697 | D:3      | Reached XP level 5. HP: 12/33 MP: 5/9
  3056 | D:3      | Reached skill level 5 in Unarmed Combat
  3077 | D:3      | Learned a level 3 spell: Spider Form
  3742 | D:3      | Reached XP level 6. HP: 38/38 MP: 8/10
  4255 | D:3      | Hit by a stone thrown by an orc warrior

Action                   |  1- 3 |  4- 6 || total
-------------------------+-------+-------++-------
Melee: Unarmed           |    80 |    73 ||   153
Throw: Stone             |     4 |    18 ||    22
 Cast: Beastly Appendage |    10 |    24 ||    34
       Sticks to Snakes  |       |    13 ||    13
  Use: Scroll            |       |    12 ||    12
       Potion            |       |     1 ||     1
 Stab: Sleeping          |     4 |       ||     4
  Eat: Chunk             |     7 |    11 ||    18
